 Dungeon Crawl Stone Soup version 0.18.1-6-gd335043 (webtiles) character file.

27030 st0uf the Nimble (level 13, -1/113 HPs)
             Began as a Red Draconian Berserker on May 15, 2016.
             Was a High Priest of Trog.
             Shot with an arrow by Nessos (23 damage)
             ... on level 14 of the Dungeon.
             The game lasted 01:40:56 (16160 turns).

st0uf the Nimble (Red Draconian Berserker)         Turns: 16160, Time: 01:40:57

Health: -1/113     AC: 13    Str: 26    XL:     13   Next: 2%
Magic:  4/4        EV: 17    Int:  8    God:    Trog [*****.]
Gold:   667        SH: 15    Dex: 12    Spells: 0 memorised, 12 levels left

rFire  + + .     SeeInvis .     a - +9 mace of the Priest {antimagic, +Rage rF+ rC++ Stlth-}
rCold  + + +     Gourm    .     (armour unavailable)
rNeg   . . .     Faith    .     x - +3 shield of the Harp {rC+ rCorr}
rPois  .         Spirit   .     (helmet restricted)
rElec  .         Dismiss  .     O - +0 cloak
rCorr  +         Reflect  .     J - +2 pair of gloves {Str+3}
SustAt +         Harm     .     R - +0 pair of boots
MR     .....                    (no amulet)
Stlth  +.........               (no ring)
                                S - ring of sustain attributes

@: not resistant to hostile enchantments, very unstealthy
A: breathe fire, unfitting armour, fire resistance 1, cold-blooded, AC +8
a: Breathe Fire, Berserk, Trog's Hand, Brothers in Arms, Burn Spellbooks,
Renounce Religion, Evoke Berserk Rage


You were on level 14 of the Dungeon.
You worshipped Trog.
Trog was extremely pleased with you.
You were not hungry.

You visited 3 branches of the dungeon, and saw 16 of its levels.

You collected 1317 gold pieces.
You spent 650 gold pieces at shops.

Inventory:

Hand Weapons
 a - the +9 mace of the Priest (weapon) {antimagic, +Rage rF+ rC++ Stlth-}
   (You found it on level 5 of the Dungeon)

   It disrupts the flow of magical energy around spellcasters and certain
   magical creatures (including the wielder).
   It protects you from fire.
   It greatly protects you from cold.
   It lets you go berserk.
   It makes you less stealthy.
 B - a +3 flail of holy wrath
 E - a +1 whip of freezing
 M - a +3 flail of protection
Missiles
 f - 12 poisoned needles
 l - 6 javelins
 o - 13 tomahawks
 u - 3 needles of confusion
 K - 2 poisoned javelins (quivered)
 T - 6 javelins of penetration
 U - a throwing net
 W - 7 tomahawks of dispersal
Armour
 x - the +3 shield of the Harp (worn) {rC+ rCorr}
   (You bought it in a shop on level 4 of the Dungeon)

   It protects you from cold.
   It protects you from acid and corrosion.
 J - a +2 pair of gloves of strength (worn)
 O - a +0 cloak (worn)
 R - a +0 pair of boots (worn)
Jewellery
 G - an uncursed ring of stealth {unknown}
 S - a ring of sustain attributes (left hand)
Wands
 j - a wand of lightning (5/15)
 m - a wand of random effects (28/48)
 w - a wand of lightning (3/15)
 y - a wand of random effects (25/48)
 D - a wand of teleportation (8/9)
Scrolls
 g - a scroll of enchant armour
 i - 4 scrolls of magic mapping
 n - 6 scrolls of remove curse
 r - a scroll of identify
 t - a scroll of holy word
 v - 4 scrolls of teleportation
 L - a scroll of recharging
 Q - a scroll of enchant weapon
Potions
 c - 4 potions of curing
 d - a potion of cancellation {unknown}
 e - 2 potions of ambrosia
 h - 2 potions of agility
 k - 2 potions of haste
 p - a potion of cure mutation
 s - a potion of flight
 z - 2 potions of heal wounds
 A - 3 potions of invisibility
 C - 3 potions of lignification
 F - 2 potions of mutation {unknown}
 N - 2 potions of brilliance
 V - a potion of might
Comestibles
 b - 6 bread rations
 q - 2 meat rations
 H - a royal jelly
 I - a beef jerky
 P - 6 chunks of flesh


   Skills:
 + Level 10.1 Fighting
 + Level 10.1 Maces & Flails
 + Level 7.9 Throwing
 + Level 11.6 Dodging
 + Level 3.8 Stealth
 + Level 9.4 Shields


You had 12 spell levels left.
You didn't know any spells.

Dungeon Overview and Level Annotations

Branches:
Dungeon (14/15)            Temple (1/1) D:4            Lair (1/8) D:11
    Orc (0/2) D:10
 Vaults: D:13-14

Altars:
Ashenzari
Cheibriados
Dithmenos
Fedhas
Gozag
Kikubaaqudgha
Okawaru
Qazlal
Ru
Sif Muna
Trog
Xom
Yredelemnul
The Shining One

Shops:
D:4 [   D:8 !   D:11 [%*

Portals:
Trove: D:10 (give 9 potions of agility)

Annotations:
D:7 4 runed doors, exclusion: 4 doors
D:14 Nessos


Innate Abilities, Weirdness & Mutations

You can breathe blasts of fire.
Your fiery red scales are hard (AC +8).
Your body does not fit into most forms of armour.
Your flesh is heat resistant.
You are cold-blooded and may be slowed by cold attacks.


Message History

Aim: Nessos, wielding a longbow of flaming and wearing a centaur barding (lightly wounded, fast, poisoned)
You throw a poisoned javelin. The poisoned javelin hits Nessos!
Nessos is moderately wounded.
You feel very sick.
Nessos shoots an arrow.
The arrow hits you!
* * * LOW HITPOINT WARNING * * *
The arrow burns you.
You are more poisoned.
* * * LOW HITPOINT WARNING * * *
Nessos stands on his hind legs for a moment.
Drink which item? (? for menu, Esc to quit)
You feel better.
Nessos shoots an arrow.
The arrow hits you!
* * * LOW HITPOINT WARNING * * *
You are poisoned.
Drink which item? (? for menu, Esc to quit)
You can't drink that!
Drink which item? (? for menu, Esc to quit)
You feel better.
Nessos shoots an arrow.
You block the arrow.
Nessos shoots an arrow.
The arrow hits you!!
You die...

#y!.......# ### ........$.
... .........######.###
#.......... ..#..############
#.......######.#............#
#......#.(†c.(@.(........#.#
#......#.######.#######....#
# #(.......# #.# ##.....####
%.#.#...##..# #.# #..........
.Fc##(..##..# #.# #.......##.
...).#(y....# ##.#
#.....>.##. .....(.###(.#
#..# #......<(.. #.######
#..# #.## #.......##. .. #..#
#.# #.#....###.


You could see Nessos.

Vanquished Creatures
  A very ugly thing (D:13)
  A hydra (D:14)
  5 centaur warriors
  A tengu warrior (D:14)
  3 hill giants
  Pikel (D:4)
  2 wizards (D:13)
  3 manticores
  8 ugly things
  A cyclops (D:12)
  2 gargoyles
  A kobold demonologist (D:11)
  An efreet (D:13)
  2 trolls (D:14)
  A merfolk (shapeshifter) (D:14)
  Edmund (D:5)
  3 blink frogs (Lair:1)
  2 wyverns
  2 wraiths (D:14)
  6 yaks
  A human (D:8)
  A steam dragon (D:5)
  8 vampire mosquitoes
  Menkaure (D:7)
  2 hungry ghosts
  3 hippogriffs
  A mottled dragon (D:11)
  3 water moccasins
  A black bear (D:11)
  4 sky beasts
  3 ice beasts
  5 orc warriors
  7 ogres
  A phantom (D:9)
  A wasp (D:9)
  3 necrophages (D:7)
  An eye of draining (D:11)
  7 centaurs
  An elf zombie (D:7)
  Blork the orc (D:5)
  2 wyvern zombies
  A big kobold (D:13)
  6 giant frogs
  A wyvern skeleton (D:11)
  4 scorpions
  A water moccasin skeleton (D:8)
  16 killer bees
  2 troll zombies (D:7)
  9 wights
  An electric eel (D:8)
  4 howler monkeys
  A centaur zombie (D:5)
  5 crimson imps
  A giant frog zombie (D:12)
  A quasit (D:6)
  4 hounds
  6 orc wizards
  Crazy Yiuf (D:5)
  4 giant frog skeletons
  7 orc priests
  4 centaur skeletons
  3 jellies
  4 human zombies (D:7)
  4 iguanas
  7 worker ants
  A killer bee zombie (D:11)
  A mummy (D:7)
  8 gnolls
  12 adders
  2 shadow imps
  An ooze (D:7)
  An adder zombie (D:6)
  8 worms
  A dart slug (D:1)
  6 giant geckos
  35 orcs
  7 bats
  4 giant cockroaches
  13 goblins
  10 hobgoblins
  17 jackals
  14 kobolds
  6 quokkas
  A ball python (D:2)
  3 giant newts
  A quokka skeleton (D:4)
  A quokka zombie (D:6)
  8 rats
  A bush (D:2)
363 creatures vanquished.

Vanquished Creatures (others)
  2 slaves (D:5)
  A centaur (D:5)
  A crimson imp (D:5)
  A jelly (D:13)
  A shadow imp (D:5)
  4 orcs (D:5)
  A quokka zombie (D:5)
11 creatures vanquished.

Grand Total: 374 creatures vanquished

Notes
Turn   | Place    | Note
--------------------------------------------------------------
     0 | D:1      | st0uf the Draconian Berserker began the quest for the Orb.
     0 | D:1      | Reached XP level 1. HP: 19/19 MP: 1/1
    55 | D:1      | Reached XP level 2. HP: 22/26 MP: 2/2
   104 | D:1      | Reached skill level 3 in Dodging
   820 | D:2      | Reached XP level 3. HP: 33/33 MP: 3/3
   836 | D:2      | Reached ** piety under Trog
  1390 | D:2      | Reached XP level 4. HP: 34/40 MP: 4/4
  2462 | D:3      | Reached *** piety under Trog
  2462 | D:3      | Reached skill level 4 in Dodging
  2501 | D:3      | Reached XP level 5. HP: 29/46 MP: 5/5
  2926 | D:3      | Found an iron altar of Okawaru.
  3009 | D:3      | Reached skill level 1 in Stealth
  3365 | D:4      | Reached XP level 6. HP: 40/53 MP: 6/6
  3474 | D:4      | Found a staircase to the Ecumenical Temple.
  3483 | Temple   | Entered the Ecumenical Temple
  3583 | D:4      | Found a snail-covered altar of Cheibriados.
  3630 | D:4      | Found Rixaqav's Antique Armour Shoppe.
  3655 | D:4      | Bought a translucent shield for 266 gold pieces
  3660 | D:4      | Identified the +3 shield of the Harp {rC+ rCorr} (You bought it in a shop on level 4 of the Dungeon)
  3744 | D:4      | Found a bloodstained altar of Trog.
  3798 | D:5      | Entered Level 5 of the Dungeon
  3807 | D:5      | Reached skill level 5 in Fighting
  3807 | D:5      | Reached skill level 5 in Dodging
  4065 | D:5      | Noticed Pikel
  4065 | D:5      | Noticed a slave
  4066 | D:5      | Noticed a slave
  4066 | D:5      | Noticed a slave
  4078 | D:5      | Noticed a slave
  4105 | D:4      | Killed Pikel
  4105 | D:4      | Reached skill level 5 in Maces & Flails
  4105 | D:4      | Reached skill level 1 in Shields
  4105 | D:4      | Your scales start taking on a fiery red colour.
  4105 | D:4      | Reached XP level 7. HP: 31/61 MP: 7/7
  4105 | D:4      | Gained mutation: Your flesh is heat resistant. [Red Draconian growth]
  4271 | D:5      | Got a brightly glowing mace
  4282 | D:5      | Identified the cursed +2 mace of Res Nullius {vamp, Stlth+} (You found it on level 5 of the Dungeon)
  4312 | D:5      | Reached skill level 6 in Dodging
  4339 | D:5      | Noticed Edmund
  4434 | D:5      | Noticed Blork the orc
  4439 | D:5      | Killed Blork the orc
  4439 | D:5      | Reached XP level 8. HP: 70/70 MP: 8/8
  4479 | D:5      | Found a shadowy altar of Dithmenos.
  4563 | D:5      | Reached **** piety under Trog
  4869 | D:5      | Killed Edmund
  4885 | D:5      | Found an opulent altar of Gozag.
  5158 | D:5      | Noticed Crazy Yiuf
  5162 | D:5      | Got an ancient mace
  5169 | D:5      | Killed Crazy Yiuf
  5196 | D:5      | Identified the +9 mace of the Priest {antimagic, +Rage rF+ rC++ Stlth-} (You found it on level 5 of the Dungeon)
  5486 | D:6      | Reached skill level 7 in Dodging
  5551 | D:6      | Reached XP level 9. HP: 46/75 MP: 3/9
  5922 | D:6      | Received a gift from Trog
  5976 | D:7      | Found a flagged portal.
  6010 | D:7      | Noticed Menkaure
  6018 | D:7      | Killed Menkaure
  6098 | D:7      | Found a huge runed gate.
  6098 | D:7      | Found a huge runed gate.
  6099 | D:7      | Found a huge runed gate.
  6100 | D:7      | Found a huge runed gate.
  6100 | D:7      | Noticed a polar bear
  6100 | D:7      | Noticed a polar bear
  6101 | D:7      | Noticed a griffon
  6101 | D:7      | Noticed a polar bear
  6167 | D:7      | Found a shimmering altar of Xom.
  6169 | D:7      | Found a shimmering altar of Xom.
  6171 | D:7      | Found a shimmering altar of Xom.
  6270 | D:7      | Found a glowing golden altar of the Shining One.
  6366 | D:7      | Found a deep blue altar of Sif Muna.
  6959 | D:7      | Found a basalt altar of Yredelemnul.
  7178 | D:8      | Found a bloodstained altar of Trog.
  7554 | D:8      | Found a sacrificial altar of Ru.
  7554 | D:8      | Found an ancient bone altar of Kikubaaqudgha.
  7666 | D:8      | Received a gift from Trog
  7890 | D:8      | Found Uklo's Distillery.
  7897 | D:8      | Reached skill level 8 in Dodging
  7897 | D:8      | Reached XP level 10. HP: 86/86 MP: 3/10
  7912 | D:8      | Bought a potion of heal wounds for 55 gold pieces
  7912 | D:8      | Bought a potion of curing for 33 gold pieces
  8126 | D:9      | Noticed a hill giant
  8144 | D:9      | Killed a hill giant
  8273 | D:9      | Reached skill level 5 in Throwing
  8304 | D:9      | Found a stormy altar of Qazlal.
  8365 | D:9      | Reached ***** piety under Trog
  8574 | D:9      | Reached skill level 5 in Shields
  8724 | D:9      | Received a gift from Trog
  9338 | D:10     | Entered Level 10 of the Dungeon
  9565 | D:10     | Noticed a gargoyle
  9571 | D:10     | Killed a gargoyle
  9571 | D:10     | Reached skill level 9 in Dodging
  9609 | D:10     | Found a staircase to the Orcish Mines.
 10037 | D:10     | Reached XP level 11. HP: 85/94 MP: 3/11
 10190 | D:10     | Found a portal to a secret trove of treasure.
 10721 | D:11     | Found Qoetoh's Food Boutique.
 11329 | D:11     | Received a gift from Trog
 11349 | D:11     | Found a staircase to the Lair.
 11376 | D:11     | Noticed a brown ugly thing
 11385 | D:11     | Killed a brown ugly thing
 11620 | D:11     | Found Yrezudwe's Assorted Antiques.
 11643 | D:11     | Bought a purple potion for 18 gold pieces
 11643 | D:11     | Bought a scroll labeled GEOJYO SIRER for 20 gold pieces
 11643 | D:11     | Bought a scroll labeled LODA KOIHUTS for 20 gold pieces
 11643 | D:11     | Bought a scroll labeled NIOLLU CORPHUIPN for 20 gold pieces
 11643 | D:11     | Bought a scroll of identify for 40 gold pieces
 11643 | D:11     | Bought a scroll of identify for 40 gold pieces
 11983 | D:11     | Found Biryaf's Armour Emporium.
 12418 | D:11     | Bought a +0 pair of gloves of strength for 138 gold pieces
 12567 | Lair:1   | Entered Level 1 of the Lair of Beasts
 13170 | D:12     | Noticed a hill giant
 13175 | D:12     | Killed a hill giant
 13175 | D:12     | Reached skill level 10 in Dodging
 13238 | D:12     | Noticed a hill giant
 13251 | D:12     | Killed a hill giant
 13384 | D:13     | Noticed a white ugly thing
 13398 | D:12     | Killed a white ugly thing
 13579 | D:13     | Noticed a centaur warrior
 13611 | D:13     | Killed a centaur warrior
 13612 | D:13     | Received a gift from Trog
 13859 | D:13     | Reached XP level 12. HP: 46/104 MP: 4/12
 14311 | D:13     | Noticed a centaur warrior
 14321 | D:13     | Killed a centaur warrior
 14524 | D:13     | Received a gift from Trog
 14568 | D:13     | Noticed a centaur warrior
 14578 | D:13     | Killed a centaur warrior
 14781 | D:13     | Noticed a white very ugly thing
 14814 | D:13     | Killed a white very ugly thing
 14976 | D:13     | Reached skill level 11 in Dodging
 15205 | D:14     | Noticed a four-headed hydra
 15226 | D:14     | Killed a four-headed hydra
 15388 | D:14     | Noticed a tengu warrior
 15396 | D:14     | Killed a tengu warrior
 15494 | D:14     | Noticed a centaur warrior
 15500 | D:14     | Noticed Nessos
 15757 | D:14     | Noticed a centaur warrior
 15777 | D:14     | Killed a centaur warrior
 15800 | D:14     | Noticed a vault guard
 15800 | D:14     | Noticed a seven-headed hydra
 16026 | D:14     | Reached skill level 10 in Maces & Flails
 16090 | D:14     | Reached skill level 10 in Fighting
 16114 | D:14     | Killed a centaur warrior
 16121 | D:14     | Reached XP level 13. HP: 75/113 MP: 4/13
 16160 | D:14     | Shot with an arrow by Nessos

Skill      XL: |  1  2  3  4  5  6  7  8  9 10 11 12 |
---------------+-------------------------------------+-----
Dodging        | 3 4 5 6 7 8 9 10 11 | 11.6
Fighting       | 4 5 6 7 8 9 10 | 10.1
Maces & Flails | 4 5 7 8 9 10 | 10.1
Stealth        | 1 2 3 |  3.8
Throwing       | 2 3 4 5 7 |  7.9
Shields        | 1 2 4 6 7 9 |  9.4

Action                   |  1- 3 |  4- 6 |  7- 9 | 10-12 | 13-15 || total
-------------------------+-------+-------+-------+-------+-------++-------
Melee: Mace              |   141 |   298 |   227 |   639 |    10 ||  1315
       Tailslap          |    16 |    46 |    39 |    97 |     2 ||   200
       Whip              |       |       |    41 |       |       ||    41
 Fire: Blowgun           |       |    17 |     4 |    12 |       ||    33
Throw: Tomahawk          |       |     6 |    35 |   120 |     2 ||   163
       Javelin           |       |       |       |       |     3 ||     3
Invok: Berserk           |       |     2 |       |       |       ||     2
       Burn Spellbooks   |       |       |       |     1 |       ||     1
       Trog's Hand       |       |       |       |     1 |       ||     1
 Abil: Breathe Fire      |       |       |    12 |    19 |       ||    31
  Use: Scroll            |       |       |     2 |    33 |       ||    35
       Potion            |       |       |       |     1 |     2 ||     3
 Stab: Sleeping          |       |     1 |       |       |       ||     1
  Eat: Chunk             |     1 |    11 |    13 |    26 |     1 ||    52
       Royal jelly       |       |       |     1 |       |       ||     1
       Beef jerky        |       |       |     1 |     1 |       ||     2
       Fruit             |       |       |       |     2 |       ||     2
       Pizza             |       |       |       |     1 |       ||     1
Armor: Skin              |    47 |    57 |    41 |   146 |     2 ||   293
Dodge: Dodged            |    83 |   134 |   100 |   276 |    10 ||   603
Block: Shield            |       |    14 |   119 |   446 |    13 ||   592
